Unix NetHack Version 3.7.0-86 Work-in-progress - last build May 30 2023 11:53:40 (cc98dc9aa62a9957b082a042edf5bd7ec9f632c7,branch:master). Game began 2023-06-05 03:18:10, ended 2023-06-05 04:11:17. cathartes, neutral female human Priestess .. -... ---..- |....-- --- ---.--..-- |..... |...|--..| |....... |..^| |..---..)..... ---.| |...| |...%.........- ..|..---...| ---------.....-- .... |...........| --.....---.h.. |..<....----- --..%*....G.. --.......| |......---Gh -......-- .......... ......| ........ ..... Cathartes the Adept St:13 Dx:15 Co:13 In:10 Wi:17 Ch:11 Neutral Dlvl:5 $:254 HP:0(47) Pw:63(63) AC:3 Xp:6/397 T:3882 Latest messages: You descend the stairs. (For instructions type a '?') What do you want to call the gnome? rougelike You kill rougelike! You see here an uncursed scroll labeled GHOTI. W - an uncursed scroll labeled GHOTI. You hear a chugging sound. You find an arrow trap. (For instructions type a '?') What do you want to call the gnome lord? rougelike You hear crashing rock. You hit rougelike! Rougelike misses! You hit rougelike! Rougelike hits! You kill rougelike! There are two objects here. X - an uncursed food ration. N - an uncursed scroll called identify (2 in total). You hear crashing rock. (For instructions type a '?') What do you want to call the gnome? rougelike You hit rougelike! You kill rougelike! u - an uncursed yellowish brown gem (3 in total). (For instructions type a '?') What do you want to call the gnome? rougelike You kill rougelike! There are two objects here. You kill the gnome! You hit the gnome! You kill the gnome! You see here an uncursed chain mail. The gnome hits! You are hit by an arrow. You hit the gnome. An arrow misses you. You kill the gnome! You hit the gnome. The gnome swings his bow. The gnome hits! You kill the gnome! There are a few objects here. The hobbit shoots a rock! You are hit by a rock. The gnome plays a horn directed at you! The bolt of cold hits you! One of your potions of holy water freezes and shatters! You die... Do you want your possessions identified? [ynq] (y) q Inventory: Coins $ - 254 gold pieces Comestibles e - an uncursed clove of garlic X - an uncursed food ration m - an uncursed fortune cookie r - an uncursed pancake f - an uncursed sprig of wolfsbane Scrolls n - a blessed scroll of blank paper F - an uncursed scroll of enchant armor N - 2 uncursed scrolls of identify S - 2 uncursed scrolls of magic mapping E - a blessed scroll of remove curse W - an uncursed scroll of remove curse o - an uncursed scroll of teleportation Potions U - a blessed potion of sleeping d - 3 potions of holy water Wands P - an uncursed wand of create monster (0:14) Tools i - an uncursed bugle D - a blessed brass lantern (lit) p - an uncursed +0 pick-axe v - an uncursed towel Rings j - a cursed -1 ring of increase damage Gems/Stones z - 2 uncursed worthless pieces of green glass I - an uncursed worthless piece of orange glass O - an uncursed worthless piece of red glass A - an uncursed worthless piece of white glass T - an uncursed worthless piece of yellow glass u - 3 uncursed worthless pieces of yellowish brown glass Weapons C - 8 uncursed +0 arrows V - 10 cursed -1 darts B - 2 cursed -2 darts s - a blessed +0 dagger G - 3 uncursed +1 daggers H - 3 uncursed +0 daggers R - an uncursed +0 elven dagger t - an uncursed +0 aklys Q - an uncursed +0 flail a - a blessed +1 mace (weapon in hand) q - an uncursed +0 scimitar Armor K - a blessed +2 pair of iron shoes (being worn) c - an uncursed +0 small shield (being worn) y - an uncursed +0 robe (being worn) Cathartes the Priestess's attributes: Background: You were an Adept, a level 6 human Priestess. You were neutral, on a mission for Thoth who was opposed by Ptah (lawful) and Anhur (chaotic). You were in the Gnomish Mines, on level 5. You entered the dungeon 3882 turns ago. It was nighttime. There was a full moon in effect when your adventure ended. You had 397 experience points, 243 more were needed to attain level 7. Basics: You had 0 out of 47 hit points. You had all 63 energy points (spell power). Your armor class was 3. Your wallet contained 254 zorkmids. Autopickup was on for '$_*' plus thrown, with exceptions. Final Characteristics: Your strength was 13 (limit:18/100). Your dexterity was 15 (limit:18). Your constitution was 13 (limit:18). Your intelligence was 10 (limit:18). Your wisdom was 17 (peak:18, limit:18). Your charisma was 11 (limit:18). Final Status: You were not hungry. You were unencumbered. You were wielding a mace. You were skilled in mace. Final Attributes: You were piously aligned. You were guarded. You were lucky. You are dead. Miscellaneous: You disabled loading of bones levels. Total elapsed playing time was 53 minutes and 5 seconds. Major events: Turn 1: cathartes the neutral human Priestess entered the dungeon 123: entered the Gnomish Mines 1042: attained the rank of Acolyte (level 3) 3802: attained the rank of Adept (level 6) 3882: killed by a bolt of cold played by a gnome Vanquished creatures: a dust vortex a Woodland-elf 4 gnome leaders a gnomish wizard a ghoul 2 giant ants 5 dwarves a homunculus a giant bat 2 dwarf zombies 4 iguanas an acid blob 2 coyotes 3 hobbits a hobgoblin 4 giant rats 2 cave spiders a yellow mold 21 gnomes 4 geckos 3 jackals a fox 2 goblins a sewer rat 9 grid bugs 3 lichens 6 newts 87 creatures vanquished. No species were genocided or became extinct. Voluntary challenges: You followed a strict vegan diet. You read items or engraved 6 times. You engraved Elbereth 2 times. You never genocided any monsters. You never polymorphed an object. You never changed form. You used no wishes. Achievements: You entered the Gnomish Mines. You entered a shop. You attained the rank of Acolyte. You attained the rank of Adept. The Dungeons of Doom: levels 1 to 9 Level 1: Level 2: A general store. Stairs down to The Gnomish Mines. Level 3: A general store. Level 4: A fountain. Level 5: "vault" A general store. Level 6: "vault" Level 7: Level 8: Level 9: "oracle" The Gnomish Mines: levels 3 to 5 Level 3: Level 4: Level 5: <- You were here. Final resting place for you, killed by a bolt of cold played by a gnome. Game over: ---------- / \ / REST \ / IN \ / PEACE \ / \ | cathartes | | 254 Au | | killed by a bolt | | of cold played | | by a gnome | | | | 2023 | *| * * * | * _________)/\\_//(\/(/\)/\//\/|_)_______ Goodbye cathartes the Priestess... You died in The Gnomish Mines on dungeon level 5 with 2227 points, and 254 pieces of gold, after 3882 moves. You were level 6 with a maximum of 47 hit points when you died.